 Dungeon Crawl Stone Soup version 0.26.0-41-g79a4fc7684 (webtiles) character file.

Game seed: 8452892858438131343

30 kaeus the Chopper (level 3, -5/33 HPs)
             Began as a Minotaur Berserker on Jan 26, 2021.
             Was a Follower of Trog.
             Slain by Sigmund
             ... wielding a +0 scythe
              (8 damage)
             ... on level 2 of the Dungeon.
             The game lasted 00:00:35 (501 turns).

kaeus the Chopper (Minotaur Berserker)               Turns: 501, Time: 00:00:36

Health: -5/33      AC:  2    Str: 22    XL:     3   Next: 5%
Magic:  2/2        EV: 12    Int:  4    God:    Trog [*.....]
Gold:   31         SH:  0    Dex:  9    Spells: 2/2 levels left

rFire    . . .     SeeInvis .   a - +0 hand axe
rCold    . . .     Faith    .   (no shield)
rNeg     . . .     Spirit   .   b - +0 animal skin
rPois    .         Reflect  .   (helmet restricted)
rElec    .         Harm     .   (no cloak)
rCorr    .         Rampage  .   (no gloves)
Will     .....                  (no boots)
Stlth    +.........             (no amulet)
HPRegen  0.11/turn              (no ring)
MPRegen  0.08/turn              (no ring)

@: no status effects
A: retaliatory headbutt, horns 2
a: Renounce Religion, Berserk


You were on level 2 of the Dungeon.
You worshipped Trog.
Trog was aware of your devotion.
You visited 1 branch of the dungeon, and saw 2 of its levels.

You collected 31 gold pieces.

Inventory:

Hand Weapons
 a - a +0 hand axe (weapon)
Armour
 b - a +0 animal skin (worn)
Scrolls
 c - a scroll of blinking {unknown}
 d - a scroll of amnesia {unknown}
 f - a scroll of noise {unknown}
 g - a scroll of teleportation {unknown}
Potions
 e - a potion of brilliance {unknown}
 h - a potion of attraction {unknown}
 i - a potion of mutation {unknown}


   Skills:
 + Level 4.0 Fighting
 * Level 4.2 Axes
 + Level 2.9 Armour
 + Level 2.6 Dodging


You had 2 spell levels left.
You didn't know any spells.
Your spell library was empty.

Dungeon Overview and Level Annotations

Branches:
Dungeon (1/15)

Altars:

Annotations:
D:2 Sigmund


Innate Abilities, Weirdness & Mutations

You reflexively headbutt those who attack you in melee.
You have a pair of horns on your head.


Message History

No target in view!
There is a strange disturbance nearby!
Something hits you!
Things that are here:
a +0 club; a kobold corpse You take 9 damage, and have 16/33 hp.
MASSIVE DAMAGE!!
You closely miss something. Something hits you!
* * * LOW HITPOINT WARNING * * *
You take 8 damage, and have 8/33 hp.
MASSIVE DAMAGE!!
You barely miss something. You miss something. Your headbutt misses something.
Something hits you.
* * * LOW HITPOINT WARNING * * *
You take 4 damage, and have 4/33 hp.
You closely miss something. You headbutt something. Something hits you.
* * * LOW HITPOINT WARNING * * *
You take 1 damage, and have 3/33 hp.
You hit something. Something completely misses you.
You hit something. You headbutt something! You miss something.
Your headbutt misses something. Something hits you!
You die...

...#...# ##>#...# #..#.
#......# #..#.# .....(.#
#..#.# #...#..#####....#
##.##........#..#
#.###.#####.#..# #
##.###.# #.#..##.###.#
..#.##.#####....@{.....#
##.###.....((.(.##.#####
### ####.####.## # #.#
#.# #.# #.# #.# #.. #.#
### ##.## ####...#######


There were no monsters in sight!

Vanquished Creatures
  An adder (D:2)
  3 bats (D:1)
  2 giant cockroaches (D:1)
  2 goblins (D:1)
  4 hobgoblins (D:1)
  2 kobolds
  A quokka (D:2)
  A frilled lizard (D:1)
  2 rats (D:1)
18 creatures vanquished.

Vanquished Creatures (others)
  17 plants (D:1)
17 creatures vanquished.

Grand Total: 35 creatures vanquished

Notes
Turn   | Place    | Note
-------+----------+-------------------------------------------
     0 | D:1      | kaeus the Minotaur Berserker began the quest for the Orb.
     0 | D:1      | Reached XP level 1. HP: 19/19 MP: 0/0
    89 | D:1      | Reached XP level 2. HP: 27/27 MP: 1/1
   404 | D:1      | You fall into a shaft and drop 1 floor!
   428 | D:2      | Reached XP level 3. HP: 33/33 MP: 2/2
   489 | D:2      | Noticed Sigmund
   501 | D:2      | Slain by Sigmund

Illustrated notes

Levels and vault maps discovered:
D:1:      dpeg_arrival_arbitrary_a, layout_basic, serial_bayou,
          serial_bayou_lagoon_b, serial_bayou_pond_c, serial_bayou_shore_b,
          serial_bayou_lagoon_a
D:2:      layout_loops_ring, grunt_temple_overflow_open, bloody_trog,
          uniq_sigmund, uniq_crazy_yiuf_cottage

Skill      XL: |  1  2  3 |
---------------+----------+-----
Axes           | 4 |  4.2
Fighting       | 4 |  4.0
Armour         | |  2.9
Dodging        | |  2.6

Action                   || total
-------------------------++-------
Melee: Hand axe          ||    45
       Headbutt          ||    10
Armor: Animal skin       ||    11
Dodge: Dodged            ||    26
